 Dungeon Crawl Stone Soup version 0.27.1-4-g1640c2035a (webtiles) character file.

Game seed: 3100000057563170924

13 Descartes the Firebug (level 2, -1/15 HPs)
             Began as a Deep Elf Fire Elementalist on Nov 16, 2021.
             Slain by a jackal (3 damage)
             ... on level 1 of the Dungeon.
             The game lasted 00:02:26 (1031 turns).

Descartes the Firebug (Deep Elf Fire Elementalist)  Turns: 1031, Time: 00:02:26

Health: -1/15      AC:  2    Str:  5    XL:     2   Next: 24%
Magic:  5/8        EV: 13    Int: 19    God:
Gold:   22         SH:  0    Dex: 15    Spells: 6/7 levels left

rFire    . . .     SeeInvis .   (no weapon)
rCold    . . .     Faith    .   (no shield)
rNeg     . . .     Spirit   .   a - +0 robe
rPois    .         Reflect  .   (no helmet)
rElec    .         Harm     .   (no cloak)
rCorr    .         Rampage  .   (no gloves)
Will     .....                  (no boots)
Stlth    ++........             (no amulet)
HPRegen  0.05/turn              (no ring)
MPRegen  0.11/turn              (no ring)

@: no status effects
A: no striking features
a: no special abilities


You were on level 1 of the Dungeon.
You visited 1 branch of the dungeon, and saw 1 of its levels.

You collected 22 gold pieces.

Inventory:

Missiles
 c - 92 stones
Armour
 a - a +0 robe (worn)
Jewellery
 e - a ring of resist corrosion
Scrolls
 b - a scroll of enchant weapon {unknown}
Potions
 d - a potion of attraction {unknown}


   Skills:
 + Level 2.7 Dodging
 + Level 2.7 Stealth
 + Level 3.2 Spellcasting
 + Level 1.4 Conjurations
 + Level 3.4 Fire Magic


You had 6 spell levels left.
You knew the following spells:

 Your Spells              Type           Power      Damage    Failure   Level
a - Foxfire               Conj/Fire      48%        2x1d6     5%          1

Your spell library contained the following spells:

 Spells                   Type           Power      Damage    Failure   Level
 Conjure Flame            Conj/Fire      12%        6-21      16%         3
 Ensorcelled Hibernation  Hex/Ice        6%         N/A       22%         2
 Inner Flame              Hex/Fire       9%         N/A       22%         3
 Spider Form              Tmut/Pois      1%         N/A       41%         3
 Sticky Flame             Conj/Fire      12%        2d4       47%         4
 Fireball                 Conj/Fire      6%         3d5       83%         5
 Shadow Creatures         Summ           N/A        N/A       100%        6


Dungeon Overview and Level Annotations

Branches:
Dungeon (1/15)

Altars:


Message History

You closely miss the jackal.
The jackal is heavily wounded.
The jackal bites you but does no damage.
The jackal closely misses you. The jackal completely misses you.
You closely miss the jackal.
The jackal is heavily wounded.
The jackal misses you. The jackal barely misses you. The jackal bites you.
You hit the jackal.
The jackal is almost dead.
The jackal closely misses you. The jackal barely misses you.
The jackal bites you.
* * * LOW HITPOINT WARNING * * *
You hit the jackal but do no damage.
The jackal is almost dead.
The jackal bites you.
* * * LOW HITPOINT WARNING * * *
The jackal closely misses you.
You hit the jackal but do no damage.
The jackal is almost dead.
The jackal bites you but does no damage.
The jackal misses you. The jackal barely misses you.
You closely miss the jackal.
The jackal is almost dead.
The jackal closely misses you.
The jackal bites you but does no damage.
The jackal bites you.
* * * LOW HITPOINT WARNING * * *
You barely miss the jackal.
The jackal is almost dead.
The jackal barely misses you. x3
You barely miss the jackal.
The jackal is almost dead.
The jackal barely misses you. x2; The jackal misses you.
You barely miss the jackal.
The jackal is almost dead.
The jackal barely misses you. The jackal closely misses you.
You completely miss the jackal.
The jackal is almost dead.
The jackal bites you.
You die...

#.......#
######
#.......#
.....#
#.......#
####.#
#...>...#
#.......#
#.......#
####.####
#############.#
#@h...........#
#h#############
#h# #.h....h#
###.#####


You could see 4 jackals.

Vanquished Creatures
  2 dart slugs (D:1)
  2 ball pythons (D:1)
  An endoplasm (D:1)
  A quokka (D:1)
  A bat (D:1)
  A frilled lizard (D:1)
  2 rats (D:1)
10 creatures vanquished.

Vanquished Creatures (others)
  67 foxfires (D:1)
67 creatures vanquished.

Grand Total: 77 creatures vanquished

Notes
Turn   | Place    | Note
-------+----------+-------------------------------------------
     0 | D:1      | Descartes the Deep Elf Fire Elementalist began the quest
                  | for the Orb.
     0 | D:1      | Reached XP level 1. HP: 10/10 MP: 6/6
   513 | D:1      | Reached XP level 2. HP: 9/15 MP: 5/8
  1031 | D:1      | Slain by a jackal

Illustrated notes

Levels and vault maps discovered:
D:1:      dpeg_arrival_round_b, layout_loops_ring

Action                   || total
-------------------------++-------
Melee: Unarmed           ||    19
 Cast: Foxfire           ||    44
Armor: Robe              ||     5
Dodge: Dodged            ||    32
